 Dungeon Crawl Stone Soup version 0.18-a0-1745-gffa9a88 (webtiles) character file.

1452 dobroeutro the Ducker (level 8, -3/91 HPs)
             Began as a Demonspawn Monk on Apr 11, 2016.
             Succumbed to Duvessa's poison
             ... on level 6 of the Dungeon.
             The game lasted 00:16:47 (5347 turns).

dobroeutro the Ducker (Demonspawn Monk)             Turns: 5347, Time: 00:16:48

Health: -3/91      AC: 17    Str: 18    XL:     8   Next: 47%
Magic:  0/8        EV: 20    Int: 12    God:
Gold:   206        SH:  0    Dex: 21    Spells: 0 memorised, 7 levels left

rFire  . . .     SeeInvis +     g - +0 mace (protect)
rCold  . . .     Gourm    .     C - +0 chain mail
rNeg   . . .     Faith    .     (no shield)
rPois  .         Spirit   +     n - +2 helmet {SInv}
rElec  .         Dismiss  .     (no cloak)
rCorr  .         Reflect  .     (no gloves)
SustAt .         Harm     .     (no boots)
MR     .....                    w - amulet of guardian spirit
Stlth  ..........               (no ring)
                                B - ring of stealth

@: agile, berserking, lethally poisoned (-3 -> -52), repel missiles, very quick,
not resistant to hostile enchantments, extremely unstealthy
A: talons 2, repulsion field 3, powered by pain 1
a: no special abilities


You were on level 6 of the Dungeon.
You were hungry.

You visited 2 branches of the dungeon, and saw 7 of its levels.

You collected 206 gold pieces.

Inventory:

Hand Weapons
 g - a +0 mace of protection (weapon)
Armour
 n - a +2 helmet of see invisible (worn)
 C - a +0 chain mail (worn)
Jewellery
 w - an amulet of guardian spirit (around neck)
 B - a ring of stealth (left hand)
Wands
 E - a wand of confusion (26/48)
Scrolls
 d - a scroll of amnesia {unknown}
 e - 4 scrolls of identify
 i - 2 scrolls of immolation {unknown}
 m - 5 scrolls of remove curse
 p - 5 scrolls of fog {unknown}
 v - 2 scrolls of noise {unknown}
 y - 2 scrolls of magic mapping {unknown}
 z - a scroll of enchant armour {unknown}
 F - 2 scrolls of teleportation {unknown}
Potions
 c - 2 potions of haste
 h - a potion of berserk rage
 j - a potion of might {unknown}
 k - 2 potions of lignification {unknown}
 l - a potion of invisibility {unknown}
 o - a potion of brilliance {unknown}
 q - 2 potions of resistance {unknown}
 r - a potion of degeneration {unknown}
 t - a potion of flight
 u - a potion of beneficial mutation {unknown}
 D - a potion of curing {unknown}
Comestibles
 a - 3 fruits
 b - 5 bread rations
 s - 3 meat rations
 x - a beef jerky
 A - a slice of pizza
 G - a royal jelly


   Skills:
 + Level 4.7 Fighting
 + Level 3.8 Maces & Flails
 * Level 4.8 Armour
 + Level 6.3 Dodging
 - Level 1.7 Stealth
 + Level 4.3 Unarmed Combat


You had 7 spell levels left.
You didn't know any spells.

Dungeon Overview and Level Annotations

Branches:
Dungeon (6/15)             Temple (1/1) D:5

Altars:
Ashenzari
Cheibriados
Dithmenos
Fedhas
Kikubaaqudgha
Nemelex Xobeh
Pakellas
Qazlal
Ru
Sif Muna
Trog
Vehumet
Xom
Yredelemnul
The Shining One

Annotations:
D:6 Dowan; Duvessa; Torro's ghost, amateur DsFi


Innate Abilities, Weirdness & Mutations

You have razor-sharp toenails.
You are surrounded by a strong repulsion field (EV +4, rMsl).
You sometimes gain a little power by taking damage.


Message History

* * * LOW HITPOINT WARNING * * *
You feel very sick.
Duvessa hits you with a rapier of venom.
* * * LOW HITPOINT WARNING * * *
You are more poisoned.
The centaur skeleton completely misses you.
Dowan casts a spell at you. The puff of flame misses you.
The puff of flame hits the centaur skeleton.
You hit Duvessa. You claw Duvessa.
Duvessa is almost dead.
* * * LOW HITPOINT WARNING * * *
You feel very sick.
Duvessa hits you with a rapier of venom!
* * * LOW HITPOINT WARNING * * *
The centaur skeleton completely misses you.
Dowan misses you.
You closely miss Duvessa. You claw Duvessa.
Duvessa is almost dead.
You die...

############
#..........#########
#...................
#...................
#..e.......##.......
#.Z@e......##..o....
#######.##..#.......
#.###.........
#.##....###.#.
#.#....## #..
#.#...## #. ......#
. ##.e..# #....#


You could see Duvessa, Dowan and a centaur skeleton.

Vanquished Creatures
  Sigmund (D:4)
  The ghost of skk the Shield-Bearer, an amateur DDFi (D:3)
  3 ogres (D:4)
  A giant frog (D:3)
  3 scorpions (D:5)
  A howler monkey (D:4)
  2 crimson imps (D:5)
  2 hounds (D:4)
  An orc priest (D:6)
  A jelly (D:5)
  Jessica (D:2)
  2 iguanas
  2 orc wizards
  2 worker ants (D:4)
  Robin (D:3)
  7 gnolls
  9 adders
  2 oozes
  2 worms
  2 dart slugs (D:1)
  3 giant geckos
  19 orcs
  2 ball pythons
  8 giant cockroaches
  2 gnoll zombies (D:5)
  18 goblins
  11 hobgoblins
  5 jackals
  2 kobolds
  3 quokkas
  A ball python zombie (D:4)
  16 bats
  8 giant newts
  24 rats
168 creatures vanquished.

Notes
Turn   | Place    | Note
--------------------------------------------------------------
     0 | D:1      | dobroeutro the Demonspawn Monk began the quest for the Orb.
     0 | D:1      | Reached XP level 1. HP: 18/18 MP: 1/1
   153 | D:1      | Gained mutation: You sometimes gain a little power by taking damage. [demonic ancestry]
   153 | D:1      | Reached XP level 2. HP: 24/24 MP: 2/2
   295 | D:1      | Reached skill level 1 in Armour
   371 | D:1      | Gained mutation: You are surrounded by a mild repulsion field (EV +2). [demonic ancestry]
   371 | D:1      | Reached XP level 3. HP: 18/29 MP: 3/3
   993 | D:2      | Reached skill level 3 in Dodging
  1020 | D:2      | Gained mutation: You have sharp toenails. [demonic ancestry]
  1020 | D:2      | Reached XP level 4. HP: 6/35 MP: 4/4
  1305 | D:2      | Noticed Jessica
  1312 | D:2      | Killed Jessica
  1556 | D:2      | Reached skill level 1 in Maces & Flails
  1651 | D:2      | Reached XP level 5. HP: 36/41 MP: 5/5
  1972 | D:3      | Noticed Robin
  1986 | D:3      | Killed Robin
  1990 | D:3      | Reached skill level 4 in Dodging
  2221 | D:3      | Noticed skk's ghost (amateur DDFi)
  2253 | D:3      | Killed skk's ghost
  2253 | D:3      | Gained mutation: You are surrounded by a moderate repulsion field (EV +3). [demonic ancestry]
  2253 | D:3      | Reached XP level 6. HP: 25/47 MP: 4/6
  2959 | D:4      | Reached skill level 5 in Dodging
  2959 | D:4      | Gained mutation: You are surrounded by a strong repulsion field (EV +4, rMsl). [demonic ancestry]
  2959 | D:4      | Reached XP level 7. HP: 44/53 MP: 7/7
  3574 | D:5      | Entered Level 5 of the Dungeon
  3723 | D:5      | Found a snail-covered altar of Cheibriados.
  3724 | D:5      | Noticed Sigmund
  3783 | D:4      | Killed Sigmund
  3790 | D:4      | Reached skill level 6 in Dodging
  3790 | D:4      | Gained mutation: You have razor-sharp toenails. [demonic ancestry]
  3790 | D:4      | Reached XP level 8. HP: 6/61 MP: 1/8
  4125 | D:5      | Found a staircase to the Ecumenical Temple.
  4125 | D:5      | Found a radiant altar of Vehumet.
  4157 | Temple   | Entered the Ecumenical Temple
  4603 | D:5      | Found a basalt altar of Yredelemnul.
  4999 | D:6      | Noticed Dowan
  5001 | D:6      | Noticed Torro's ghost (amateur DsFi)
  5016 | D:6      | Noticed Duvessa
  5346 | D:6      | HP: 1/91 [Duvessa/rapier of venom (5)]
  5347 | D:6      | Succumbed to Duvessa's poison

Vault maps used:
D:1:      dpeg_arrival_leaves_temple_mockup, nrook_loot_triangle
D:2:      uniq_jessica
D:3:      first_bread, minmay_rat_hole, uniq_robin
D:5:      lemuel_zombie_altar_yredelemnul, nicolae_overflow_crystal_walls,
          vehumet_crystals, temple_doors_e, grunt_ministairs_5, uniq_sigmund
D:6:      marbit_many_paths, grunt_temple_overflow_order_and_chaos_2,
          serial_bayou_pond_e, uniq_duvessa
Temple:   eino_temple_water_12

Skill      XL: |  1  2  3  4  5  6  7 |
---------------+----------------------+-----
Unarmed Combat | 4 |  4.3
Armour         | 1 2 3 4 |  4.8
Dodging        | 3 4 5 6 |  6.3
Maces & Flails | 1 2 3 |  3.8
Fighting       | 4 |  4.7
Stealth        | |  1.7

Action                   |  1- 3 |  4- 6 |  7- 9 || total
-------------------------+-------+-------+-------++-------
Melee: Unarmed           |    82 |       |       ||    82
       Mace              |    48 |   370 |   429 ||   847
  Use: Scroll            |       |       |     2 ||     2
       Potion            |       |       |     4 ||     4
 Stab: Sleeping          |     4 |     3 |     1 ||     8
       Distracted        |       |     2 |     1 ||     3
  Eat: Chunk             |       |     8 |     8 ||    16
